 Dungeon Crawl Stone Soup version 0.28-a0-1506-g3893175d92 (webtiles) character file.

Game seed: 153488961511112238

28 knot the Chopper (level 3, 28/28 (29) HPs)
             Began as a Demonspawn Berserker on Jan 14, 2022.
             Was a Follower of Trog.
             Quit the game on level 1 of the Dungeon.
             The game lasted 00:01:08 (1224 turns).

knot the Chopper (Demonspawn Berserker)             Turns: 1224, Time: 00:01:09

HP:   28/28 (29)    AC:  6    Str: 17    XL:     3   Next: 0%
MP:   3/3           EV: 11    Int: 10    God:    Trog [*.....]
Gold: 51            SH:  0    Dex: 12    Spells: 2/2 levels left

rFire   . . .      SeeInvis .   a - +0 hand axe
rCold   . . .      Faith    .   (no shield)
rNeg    . . .      Spirit   .   f - +0 leather armour
rPois   .          Reflect  .   (no helmet)
rElec   .          Harm     .   (no cloak)
rCorr   .          Rampage  .   (no gloves)
Will    .....                   e - +0 pair of boots
Stlth   +.........              (no amulet)
HPRegen 0.09/turn               (no ring)
MPRegen 0.16/turn               (no ring)

@: lightly drained
A: icy blue scales 1, magic regeneration
a: Renounce Religion, Berserk


You were on level 1 of the Dungeon.
You worshipped Trog.
Trog was aware of your devotion.
You visited 1 branch of the dungeon, and saw 1 of its levels.

You collected 51 gold pieces.

Inventory:

Hand Weapons
 a - a +0 hand axe (weapon)
Missiles
 b - 11 sling bullets
 c - 47 stones (quivered)
 d - 5 boomerangs
Armour
 e - a +0 pair of boots (worn)
 f - a +0 leather armour (worn)
Scrolls
 g - a scroll of identify {unknown}


   Skills:
 - Level 3.0 Fighting
 + Level 3.8 Axes
 - Level 1.7 Armour
 - Level 1.7 Dodging


You had 2 spell levels left.
You didn't know any spells.
Your spell library was empty.

Dungeon Overview and Level Annotations

Branches:
Dungeon (1/15)

Altars:


Innate Abilities, Weirdness & Mutations

You are partially covered in icy blue scales. (AC +2)
You regenerate magic rapidly.


Message History

Found a club.
The goblin shouts!
You closely miss the goblin. The goblin hits you but does no damage.
You barely miss the goblin. The goblin hits you but does no damage.
You hit the goblin.
The goblin is moderately wounded.
The goblin hits you but does no damage.
You slash the goblin!
You kill the goblin!
Trog accepts your kill.
You closely miss the frilled lizard.
The frilled lizard completely misses you.
You miss the frilled lizard. The frilled lizard barely misses you.
You slash the frilled lizard!
You kill the frilled lizard!
Trog accepts your kill.
You barely miss the goblin. The goblin hits you but does no damage.
You hit the goblin.
You kill the goblin!
Trog accepts your kill.
No target in view!
No target in view!
No target in view!
No target in view!
Items here: )) ††.
You now have 51 gold pieces (gained 7).
A hobgoblin comes into view.
A hobgoblin is nearby!
The hobgoblin shouts!
You hit the hobgoblin but do no damage.
The hobgoblin hits you but does no damage.
You hit the hobgoblin.
You kill the hobgoblin!
Trog accepts your kill.
You have reached level 3!
Your experience leads to an increase in your attributes!
Increase (S)trength, (I)ntelligence, or (D)exterity?
You feel clever. x2; Your demonic ancestry asserts itself...
Icy blue scales grow over part of your body.
Are you sure you want to abandon this character and quit the game? (Confirm with "yes".)

#.#...#...#.....
#.#.#.#.8.#.....
####.#.#.#...#.....
#......#.#####.....
#....###...........
#......#...........
#....# #......[.<..
#....# #...........
#.@..# #...........
#....# #.#####.....
#....# #.#...#.....
####...#.#.#.8.#.....
#..........#...#.....
#.......#.######.....
#....####............
#....############..>.
#.....)...........#..


There were no monsters in sight!

Vanquished Creatures
  5 bats (D:1)
  3 endoplasms (D:1)
  3 goblins (D:1)
  2 hobgoblins (D:1)
  4 jackals (D:1)
  2 quokkas (D:1)
  A ball python (D:1)
  2 frilled lizards (D:1)
  2 kobolds (D:1)
  A rat (D:1)
25 creatures vanquished.

Notes
Turn   | Place    | Note
-------+----------+-------------------------------------------
     0 | D:1      | knot the Demonspawn Berserker began the quest for the Orb.
     0 | D:1      | Reached XP level 1. HP: 18/18 MP: 1/1
   189 | D:1      | Gained mutation: You regenerate magic rapidly. [demonic
                  | ancestry]
   189 | D:1      | Reached XP level 2. HP: 17/24 MP: 2/2
   766 | D:1      | Found a faded altar of an unknown god.
  1224 | D:1      | Gained mutation: You are partially covered in icy blue
                  | scales. (AC +2) [demonic ancestry]
  1224 | D:1      | Reached XP level 3. HP: 28/28 MP: 3/3
  1224 | D:1      | Quit the game

Illustrated notes

Levels and vault maps discovered:
D:1:      minmay_arrival_glassed_features, layout_rooms,
          ebering_ecumenical_altar_abandoned

Skill      XL: |  1 |
---------------+----+-----
Axes           | 3 |  3.8
Fighting       | |  3.0
Armour         | |  1.7
Dodging        | |  1.7

Action                   || total
-------------------------++-------
Melee: Hand axe          ||    52
       Punch             ||     2
Invok: Berserk           ||     3
  Use: Potion            ||     1
Armor: Animal skin       ||     7
       Leather armour    ||    17
Dodge: Dodged            ||    42

Table legend: (Time is in decaauts)
 A = Elapsed time spent in this place.
 B = Non-inter-level travel time spent in this place.
 C = Inter-level travel time spent in this place.
 D = Time resting spent in this place.
 E = Time spent auto-exploring this place.
 F = Levels seen in this place.
 G = Mean time per level.
                   A        B        C        D        E       F      G
               +--------+--------+--------+--------+--------+-----+--------+
         Total |   1259 |   1230 |     29 |    662 |    410 |   1 | 1259.0 |
       Dungeon |   1259 |   1230 |     29 |    662 |    410 |   1 | 1259.0 |
               +--------+--------+--------+--------+--------+-----+--------+

Top non-repeatable levels by time:
     D:1: 1259 daAuts
